Map: Abyssal Reef LE

Players

Bails

  • Race: Protoss Protoss
  • Spawn Location: 5:00

BLY - Winner!

  • Race: Zerg Zerg
  • Spawn Location: 11:00

Event: WCS Austin 2017

VOD

Have the link to the VOD?

Description

Time

  • Played on: April 28, 2017, 6:14 p.m.
  • Length: 13:14

All games in this series

Show
View Real Time Build Order
Export as new Build Order

Bails Protoss 

Build Orders: 1 Gate Expand, Oracle Opening 

Get SALT Encoding   

  12  0:00  Probe (Chrono Boost)  
  13  0:11  Probe (Chrono Boost)  
  14  0:17  Pylon  
  14  0:22  Probe (Chrono Boost)  
  16  0:35  Probe (Chrono Boost)  
  16  0:40  Gateway  
  16  0:46  Probe (Chrono Boost)  
  16  0:49  Assimilator  
  17  0:56  Probe (Chrono Boost)  
  18  1:07  Probe (Chrono Boost)  
  19  1:18  Probe (Chrono Boost)  
  20  1:30  Nexus  
  20  1:40  Cybernetics Core  
  20  1:43  Probe (Chrono Boost)  
  21  1:49  Assimilator  
  22  1:54  Probe (Chrono Boost)  
  22  2:00  Pylon  
  22  2:05  Probe (Chrono Boost)  
  23  2:14  Stalker  
  23  2:20  Probe (Chrono Boost)  
  26  2:27  Stargate  
  26  2:32  Probe (Chrono Boost)  
  26  2:33  Warp Gate  
  27  2:41  Adept  
  28  2:44  Probe (Chrono Boost)  
  28  2:46  Probe (Chrono Boost)  
  31  2:56  Probe (Chrono Boost)  
  31  2:58  Probe (Chrono Boost)  
  33  3:06  Oracle  
  33  3:07  Probe (Chrono Boost)  
  33  3:08  Probe (Chrono Boost)  
  38  3:15  Gateway  
  39  3:21  Probe (Chrono Boost)  
  39  3:22  Pylon  
  39  3:28  Probe (Chrono Boost)  
  40  3:35  Pylon  
  40  3:38  Mothership Core (Chrono Boost)  
  42  3:44  Gateway  
  42  3:45  Probe (Chrono Boost)  
  43  3:48  Oracle  
  46  3:56  Probe (Chrono Boost)  
  46  3:58  Probe (Chrono Boost)  
  46  4:02  Pylon  
  50  4:10  Probe (Chrono Boost)  
  49  4:17  Nexus  
  49  4:21  Pylon  
  49  4:27  Probe x2 (Chrono Boost)  
  49  4:30  Assimilator  
  51  4:33  Assimilator  
  51  4:37  Probe (Chrono Boost)  
  52  4:38  Sentry, Adept  
  52  4:39  Probe (Chrono Boost)  
  52  4:44  Adept  
  59  4:48  Probe (Chrono Boost)  
  60  4:54  Void Ray  
  60  4:56  Probe (Chrono Boost)  
  60  4:58  Probe (Chrono Boost)  
  66  5:05  Pylon  
  66  5:07  Probe (Chrono Boost)  
  67  5:10  Stargate  
  67  5:11  Probe (Chrono Boost)  
  68  5:17  Probe (Chrono Boost)  
  69  5:21  Probe (Chrono Boost)  
  69  5:28  Forge, Probe (Chrono Boost)  
  68  5:31  Probe (Chrono Boost), Pylon, Adept  
  68  5:32  Adept  
  73  5:36  Protoss Air Weapons Level 1  
  73  5:37  Probe (Chrono Boost)  
  73  5:38  Probe (Chrono Boost)  
  73  5:41  Probe (Chrono Boost)  
  76  5:48  Twilight Council, Probe (Chrono Boost)  
  76  5:49  Probe (Chrono Boost)  
  78  5:52  Probe (Chrono Boost)  
  78  5:55  Void Ray  
  79  5:58  Probe (Chrono Boost)  
  79  6:02  Void Ray  
  84  6:06  Probe (Chrono Boost)  
  84  6:07  Probe (Chrono Boost)  
  84  6:10  Probe (Chrono Boost)  
  91  6:16  Probe (Chrono Boost)  
  93  6:18  Probe (Chrono Boost)  
  93  6:19  Resonating Glaives, Photon Cannon  
  93  6:20  Photon Cannon  
  93  6:23  Assimilator  
  93  6:27  Assimilator  
  93  6:29  Probe (Chrono Boost)  
  94  6:37  Probe (Chrono Boost)  
  94  6:38  Probe (Chrono Boost)  
  96  6:40  Pylon  
  96  6:42  Pylon  
  96  6:43  Pylon  
  96  6:48  Fleet Beacon  
  96  6:50  Void Ray  
  96  7:00  Probe (Chrono Boost)  
  102  7:02  Probe (Chrono Boost)  
  102  7:03  Void Ray  
  106  7:09  Pylon  
  106  7:10  Pylon  
  106  7:20  Pylon  
  106  7:21  Pylon  
  106  7:26  Photon Cannon, Nexus  
  106  7:28  Photon Cannon  
  106  7:30  Carrier  
  118  7:44  Pylon  
  118  7:49  Adept  
  118  7:50  Sentry, Adept  
  124  7:58  Probe (Chrono Boost), Carrier  
  125  8:02  Probe (Chrono Boost)  
  125  8:05  Probe (Chrono Boost)  
  120  8:10  Probe (Chrono Boost)  
  124  8:13  Adept x2  
  124  8:14  Adept  
  124  8:15  Probe (Chrono Boost)  
  124  8:16  Probe (Chrono Boost)  
  132  8:22  Probe (Chrono Boost)  
  132  8:24  Stargate  
  133  8:30  Probe (Chrono Boost)  
  135  8:35  Probe (Chrono Boost), Pylon x2  
  135  8:36  Pylon  
  135  8:37  Pylon, Sentry x2  
  135  8:38  Sentry  
  135  8:39  Pylon  
  141  8:41  Graviton Catapult  
  141  8:44  Carrier  
  141  8:52  Assimilator  
  141  8:56  Assimilator  
  141  8:59  Probe (Chrono Boost)  
  141  9:00  Probe (Chrono Boost)  
  149  9:05  Adept x3  
  162  9:10  Pylon  
  162  9:11  Probe x2 (Chrono Boost)  
  162  9:15  Carrier  
  163  9:21  Probe (Chrono Boost)  
  154  9:30  Probe (Chrono Boost)  
  159  9:32  Stalker  
  147  9:39  Stalker x2  
  147  9:41  Probe (Chrono Boost)  
  147  9:44  Probe x2 (Chrono Boost)  
  154  9:47  Carrier  
  154  9:51  Mothership Core (Chrono Boost)  
  162  9:55  Probe (Chrono Boost)  
  163  10:03  Carrier  
  163  10:05  Adept x2  
  167  10:07  Adept  
  165  10:34  Pylon  
  165  10:35  Pylon  
  165  10:36  Protoss Air Weapons Level 2  
  165  10:37  Forge  
  165  10:38  Pylon  
  165  10:41  Pylon  
  168  10:45  Templar Archives  
  168  10:49  Stalker x2  
  172  10:51  Stalker  
  172  10:55  Pylon  
  174  11:10  Psionic Storm  
  180  11:12  Photon Cannon  
  180  11:13  Photon Cannon  
  180  11:14  Photon Cannon  
  180  11:15  Photon Cannon, Void Ray  
  184  11:18  Photon Cannon x2  
  184  11:30  Adept  
  184  11:31  Adept x2  
  189  11:51  Stalker x3  
  170  12:02  Probe (Chrono Boost)  
  170  12:06  Probe (Chrono Boost)  
  155  12:19  Void Ray  
  157  12:23  Stargate  
  157  12:26  Stargate  
  148  12:30  Probe (Chrono Boost)  
  148  12:34  Stalker x3  
  138  12:43  Photon Cannon  
  112  12:46  Photon Cannon  
  112  12:48  Photon Cannon  
  112  12:49  Photon Cannon  
  112  12:51  Photon Cannon  
  109  12:52  Photon Cannon  
  109  12:53  Probe (Chrono Boost)  
  109  12:57  Adept x3  
  113  13:00  Probe (Chrono Boost)  
  113  13:04  Nexus  
Show
View Real Time Build Order
Export as new Build Order

BLY Zerg - Winner!

Build Orders: Hatch First 

Get SALT Encoding   

  12  0:01  Drone  
  13  0:12  Overlord  
  13  0:19  Drone  
  14  0:30  Drone  
  14  0:31  Drone  
  14  0:35  Drone  
  17  0:53  Hatchery  
  16  0:57  Drone  
  17  1:08  Drone, Extractor  
  17  1:17  Spawning Pool  
  16  1:19  Drone  
  16  1:21  Drone  
  18  1:28  Drone  
  19  1:38  Overlord  
  19  1:54  Hatchery  
  19  1:57  Drone  
  19  2:00  Drone  
  20  2:08  Queen  
  22  2:18  Queen  
  24  2:23  Drone  
  24  2:25  Zergling x2  
  26  2:33  Drone x2  
  26  2:34  Drone  
  29  2:38  Metabolic Boost  
  29  2:47  Drone x3  
  32  3:00  Drone x3  
  35  3:07  Queen  
  37  3:14  Drone x3  
  37  3:17  Drone x2  
  37  3:18  Overlord  
  42  3:26  Overlord  
  42  3:33  Overlord  
  42  3:40  Drone  
  42  3:42  Overlord  
  42  3:43  Queen  
  42  3:44  Queen  
  42  3:46  Drone x3  
  42  3:47  Drone  
  50  3:51  Queen  
  52  3:57  Spore Crawler  
  52  3:59  Drone x4  
  52  4:00  Drone  
  56  4:03  Drone x2  
  56  4:15  Drone  
  56  4:16  Drone x4  
  58  4:17  Drone x2  
  58  4:18  Drone  
  61  4:30  Drone x5  
  66  4:33  Overlord  
  66  4:43  Hatchery  
  65  4:49  Evolution Chamber  
  65  4:50  Lair  
  65  4:52  Baneling Nest  
  63  4:57  Drone x3  
  63  4:59  Drone x3  
  69  5:00  Overlord x2  
  69  5:02  Zergling x2  
  69  5:03  Zergling x8  
  74  5:10  Overlord x2  
  74  5:13  Extractor  
  73  5:14  Overlord, Spore Crawler  
  73  5:15  Extractor  
  68  5:30  Drone x6  
  68  5:31  Overlord  
  68  5:33  Zerg Melee Weapons Level 1  
  68  5:35  Extractor  
  73  5:37  Extractor, Baneling  
  73  5:39  Drone  
  73  5:40  Drone x7  
  80  5:43  Drone, Extractor  
  80  5:49  Drone x2  
  82  5:51  Overseer  
  82  5:58  Drone, Overlord  
  83  6:04  Hatchery  
  83  6:05  Overlord, Hydralisk Den  
  83  6:10  Zergling x14  
  87  6:16  Overlord  
  87  6:17  Overseer  
  87  6:19  Drone x2  
  87  6:20  Drone  
  87  6:22  Drone x2  
  87  6:23  Drone x2  
  87  6:25  Overlord  
  94  6:37  Muscular Augments, Overlord  
  94  6:39  Drone x6  
  100  6:40  Drone, Spore Crawler  
  100  6:45  Overlord  
  100  6:53  Hydralisk x5  
  110  6:55  Hydralisk  
  112  7:01  Hydralisk x2  
  112  7:02  Hydralisk  
  118  7:09  Spire  
  118  7:11  Extractor x2  
  115  7:23  Drone  
  115  7:24  Drone  
  115  7:25  Zergling x22  
  115  7:26  Zergling x4  
  130  7:30  Overlord  
  130  7:34  Infestation Pit  
  129  7:40  Baneling x2  
  129  7:41  Baneling x5  
  129  7:43  Baneling x2  
  129  7:45  Drone  
  129  7:46  Drone x2  
  129  7:47  Drone  
  122  8:12  Hatchery  
  116  8:20  Overlord  
  116  8:21  Corruptor x13  
  142  8:29  Baneling x3  
  142  8:30  Baneling  
  142  8:33  Zergling x20  
  152  8:40  Hive  
  152  8:46  Baneling x3  
  152  8:47  Baneling  
  152  8:48  Zergling x8  
  156  8:52  Drone x8  
  148  9:25  Hydralisk x12  
  148  9:26  Hydralisk x4  
  167  9:39  Hydralisk x4  
  167  9:40  Hydralisk x3  
  181  9:52  Viper x2, Overlord x2  
  183  10:02  Zergling x6  
  183  10:03  Zergling x4  
  183  10:04  Overlord  
  182  10:20  Corruptor x7  
  190  10:28  Extractor  
  190  10:31  Extractor  
  190  10:32  Zerg Flyer Armor Level 1  
  190  10:33  Zerg Ground Armor Level 1  
  188  10:40  Hatchery  
  188  10:41  Corruptor  
  188  10:42  Corruptor  
  191  10:46  Zergling x12  
  191  10:47  Zergling x6  
  191  10:49  Baneling x6  
  200  10:50  Baneling  
  200  11:13  Overseer  
  200  11:17  Overlord  
  200  11:18  Ultralisk Cavern  
  199  11:25  Evolution Chamber  
  198  11:27  Baneling x2  
  193  11:46  Zergling x10  
  193  11:47  Zergling x10  
  197  11:54  Corruptor x8  
  198  12:02  Zergling x2  
  184  12:20  Zergling x14  
  171  12:33  Hydralisk x8  
  168  12:40  Zergling x2  
  168  12:41  Zergling x10  
  173  12:47  Zergling x2  
  173  12:48  Zergling x8  
  169  13:11  Hatchery  
Tags
 
Add a new tag
Caveats
  • Supply blocks, unpowered buildings, or Contaminate may cause inaccurate times.
  • Supply counts are checked every 10 seconds.